 Dungeon Crawl Stone Soup version 0.30-a0-377-g5cb311bc9f (webtiles) character file.

Game seed: 5882057838930666381

67 sanka the Digger (level 4, 18/18 HPs)
             Began as a Felid Earth Elementalist on Nov 29, 2022.
             Quit the game on level 2 of the Dungeon.
             The game lasted 00:03:52 (2404 turns).

sanka the Digger (Felid Earth Elementalist)         Turns: 2404, Time: 00:03:53

Health: 18/18      AC:  1    Str:  4    XL:     4   Next: 0%
Magic:  8/8        EV: 17    Int: 18    God:
Gold:   144        SH:  0    Dex: 17    Spells: 1/7 levels left
                                        Lives:  0   Deaths: 1

rFire   . . .      SeeInvis +    (weapon unavailable)
rCold   . . .      Faith    .    (shield unavailable)
rNeg    . . .      Spirit   .    (body armour unavailable)
rPois   .          Reflect  .    (helmet unavailable)
rElec   .          Harm     .    (cloak unavailable)
rCorr   .          Rampage  .    (gloves unavailable)
Will    .....                    (boots unavailable)
Stlth   ++........               (no amulet)
HPRegen 0.23/turn                (no ring)
MPRegen 0.11/turn                (no ring)

@: quick
A: very small, claws 1, fangs 3, see invisible, speed 1, shaggy fur 1, stealthy
paws, no weapons or thrown items, no armour, multi-lived
a: no special abilities


You were on level 2 of the Dungeon.
You visited 1 branch of the dungeon, and saw 3 of its levels.

You collected 144 gold pieces.


Innate Abilities, Weirdness & Mutations

You have sharp claws.
You have razor-sharp teeth.
You have supernaturally acute eyesight. (SInv)
You cover ground quickly. (Speed+)
You are covered in fur. (AC +1)
Your paws help you pounce on unaware monsters.
You are incapable of wielding weapons or throwing items.
You cannot wear armour.
You gain extra lives every three experience levels.


   Skills:
 - Level 2.6 Dodging
 - Level 2.6 Stealth
 - Level 2.0 Spellcasting
 + Level 2.0 Conjurations
 - Level 3.0 Transmutations
 + Level 4.0 Earth Magic


You had one spell level left.
You knew the following spells:

 Your Spells              Type           Power      Damage    Failure   Level
x - Stone Arrow           Conj/Erth      24%        3d8       16%         3
z - Sandblast             Erth           32%        2d9       3%          1
N - Passwall              Tmut/Erth      11%        N/A       6%          2

Your spell library contained the following spells:

 Spells                   Type           Power      Damage    Failure   Level
 Magic Dart               Conj           36%        1d4       8%          1
 Call Imp                 Summ           1%         N/A       26%         2
 Mephitic Cloud           Conj/Pois/Air  4%         N/A       38%         3
 Petrify                  Tmut/Erth      14%        N/A       38%         4
 Tukima's Dance           Hex            1%         N/A       47%         3
 Passage of Golubria      Tloc           1%         N/A       87%         4
 Yara's Violent Unravell  Hex/Tmut       3%         3d4       95%         5

Inventory:

Wands
 t - a wand of digging (4)
Scrolls
 b - a scroll of amnesia {unknown}
 c - a scroll of poison {unknown}
 h - 3 scrolls of identify {unknown}
 i - a scroll of enchant weapon {unknown}
 j - a scroll of magic mapping {unknown}
 k - a scroll of vulnerability {unknown}
 l - a scroll of torment {unknown}
 n - a scroll of teleportation {unknown}
 q - a scroll of noise {unknown}
 r - a scroll of immolation {unknown}
 s - a scroll of fog {unknown}
Potions
 a - a potion of magic
 d - 2 potions of curing {unknown}
 e - a potion of lignification {unknown}
 f - a potion of resistance {unknown}
 g - a potion of berserk rage {unknown}
 m - a potion of mutation {unknown}
 o - a potion of degeneration {unknown}
 p - a potion of brilliance {unknown}

Dungeon Overview and Level Annotations

Branches:
Dungeon (3/15)

Altars:

▒. ▒▒▒▒▒▒▒▒▒ ▒▒. ▒.......▒
▒.. ▒..▒▒▒..▒▒▒..
▒▒▒▒▒▒▒▒▒▒▒▒..▒▒▒..▒▒...
▒.......▒▒..............
▒.▒▒▒▒▒.▒▒.▒..▒▒▒..▒....
▒.▒▒▒▒▒.▒▒.▒.......▒.▒..
▒.▒▒...h...▒▒......▒.▒▒.
▒.▒▒.▒▒.▒▒▒▒▒▒▒▒▒▒▒▒.▒▒▒
▒.▒▒.▒▒.▒ ▒▒▒▒.▒▒
▒....(..▒▒▒▒▒▒▒▒▒.....▒
▒......▒.......▒......▒
▒.▒▒.▒.▒.......▒....^.▒
▒▒▒.▒▒.▒.▒.......▒...)(.▒▒
▒........▒......†....[....
▒.▒..▒▒..▒.......▒.▒▒▒..▒▒


There were no monsters in sight!


Message History

You hear a shout!
The kobold brigand barely misses you. The kobold brigand misses you.
You climb upwards.
There is a stone staircase leading down here.
Unknown command.
You see here a +0 plate armour.
The kobold brigand throws a curare-tipped dart.
The curare-tipped dart hits you.
You are poisoned.
You have difficulty breathing.
You feel yourself slow down.
Unknown command.
* * * LOW HITPOINT WARNING * * *
You feel very sick.
* * * LOW HITPOINT WARNING * * *
You feel sick.
* * * LOW HITPOINT WARNING * * *
You feel sick.
The kobold brigand throws a curare-tipped dart.
The curare-tipped dart hits you.
You are lethally poisoned!
You have difficulty breathing.
You die...
You feel as though you will be slow longer.
You are now level 4!
You rejoin the land of the living...
Unknown command.
Unknown command.
Are you sure you want to abandon this character and quit the game? (Confirm with "yes".)

Action                   |  1- 3 |  4- 6 || total
-------------------------+-------+-------++-------
Melee: Unarmed           |     2 |       ||     2
 Cast: Sandblast         |    61 |    49 ||   110
Armor: Skin              |       |     2 ||     2
Dodge: Dodged            |    16 |    32 ||    48

Levels and vault maps discovered:
D:1:      tarquinn_simple_flora_water_f, layout_rooms
D:2:      layout_loops_cross
D:3:      cheibrodos_thug_alley, layout_loops_ring, ebering_ghost_gozag,
          st_stairs_9, minmay_shallow_snake_nest

Notes
Turn   | Place    | Note
-------+----------+-------------------------------------------
     0 | D:1      | sanka the Felid Earth Elementalist began the quest for the
                  | Orb.
     0 | D:1      | Reached XP level 1. HP: 7/7 MP: 4/4
   179 | D:1      | Reached skill level 3 in Earth Magic
   180 | D:1      | Reached XP level 2. HP: 11/11 MP: 1/6
   345 | D:1      | Reached skill level 2 in Transmutations
   878 | D:2      | Reached XP level 3. HP: 14/14 MP: 4/7
   881 | D:2      | Learned a level 2 spell: Passwall
   885 | D:2      | Learned a level 3 spell: Stone Arrow
  1517 | D:2      | Identified the +1 leather armour "Cokejoitt" {Will+ Str+2}
  1595 | D:2      | Reached XP level 4. HP: 18/18 MP: 6/8
  1686 | D:2      | Reached skill level 1 in Conjurations
  1932 | D:3      | Reached skill level 3 in Transmutations
  2258 | D:3      | Reached skill level 2 in Conjurations
  2387 | D:3      | Reached skill level 4 in Earth Magic
  2387 | D:3      | Reached XP level 5. HP: 19/21 MP: 6/9
  2403 | D:2      | Asphyxiated
  2404 | D:2      | Reached XP level 4. HP: 0/18 MP: 6/8
  2404 | D:2      | Quit the game

Vanquished Creatures
  2 orc wizards (D:3)
  2 adders (D:2)
  A dart slug (D:2)
  2 orcs
  4 bats
  8 endoplasms
  3 giant cockroaches
  6 hobgoblins
  7 jackals
  6 kobolds
  4 quokkas
  6 ball pythons
  2 frilled lizards
  3 goblins (D:2)
  3 rats (D:2)
59 creatures vanquished.

Vanquished Creatures (others)
  A fungus (D:1)
1 creature vanquished.

Grand Total: 60 creatures vanquished
